 Dungeon Crawl Stone Soup version 0.10.2-40-g36e0077 character file.

256596 aosachuk the Black Belt (level 20, -11/198 HPs)
             Began as a Naga Fighter on Aug 5, 2012.
             Was an Elder of Cheibriados.
             Killed from afar by a deep elf death mage (32 damage)
             ... with a bolt of negative energy
             ... on Level 5 of the Elven Halls on Aug 10, 2012.
             The game lasted 11:22:59 (55642 turns).

aosachuk the Black Belt (Naga Fighter)             Turns: 55642, Time: 11:22:59

HP -11/198       AC 31     Str 28      XL: 20   Next: 88%
MP   0/31        EV 20     Int 17      God: Cheibriados [****..]
Gold 2588        SH 47     Dex 34      Spells:  0 memorised, 24 levels left

Res.Fire  : + . .   See Invis. : +     - Unarmed
Res.Cold  : . . .   Warding    : . . D - +5 scale mail of the Sea {rElec rPois Dam+ Life Prot.: . . . Conserve : . d - +3 large shield Res.Acid. : . . . Res.Corr. : . q - +2 wizard hat
Res.Poison: +       Clarity    : .   Z - +0 orc cloak {rF+}
Res.Elec. : +       Spirit.Shd : .   S - +0 pair of gloves
Sust.Abil.: . .     Stasis     : .   G - +3 naga barding of Thijio {Dex+1}
Res.Mut.  : .       Ctrl.Telep.: x   u - amulet of the gourmand
Res.Rott. : .       Levitation : .   v - +4 ring of dexterity
Gourmand  : +       Ctrl.Flight: .   p - +4 ring of evasion

@: very slow, very resistant to hostile enchantments, unstealthy
A: spit poison, constrict 1, see invisible, deformed body, -10% mp, poison
resistance, slowness 2, Str -1
a: Spit Poison, Bend Time, Temporal Distortion, Slouch, Renounce Religion
}: 1/15 runes: serpentine


You were on level 5 of the Elven Halls.
You worshipped Cheibriados.
Cheibriados was extremely pleased with you.
You were hungry.

You visited 6 branches of the dungeon, and saw 46 of its levels.
You visited the Abyss 1 time.
You visited 1 Labyrinth.
You visited 2 portal chambers: ossuary, ice cave.

You collected 4561 gold pieces.
You spent 1993 gold pieces at shops.

Inventory:

Hand weapons
 b - the +6,+9 crossbow "Hellfire" {flame, rF++ rC- MR}
   (You found it on level 1 of the Lair of Beasts)

   It turns projectiles fired from it into bolts of flame.
   It greatly protects you from fire.
   It makes you vulnerable to cold.
   It increases your resistance to enchantments.
Missiles
 h - 11 +0 bolts of penetration
 n - 18 +3 bolts of frost
 L - 12 +2 darts
 M - 31 +1 darts (quivered)
 O - 29 +1 bolts
Armour
 d - a +3 large shield (worn)
 q - a +2 wizard hat (worn)
 D - the +5 scale mail of the Sea (worn) {rElec rPois Dam+5 SInv}
   (You found it on level 8 of the Lair of Beasts)

   It affects your damage-dealing abilities (+5).
   It insulates you from electricity.
   It protects you from poison.
   It enhances your eyesight.
 G - the +3 naga barding of Thijio (worn) {Dex+1}
   (You acquired it on level 5 of the Snake Pit)

   It affects your dexterity (+1).
 S - a +0 pair of gloves (worn)
 Z - a +0 orcish cloak of fire resistance (worn)
Magical devices
 e - a wand of flame (12)
 f - a wand of lightning (9)
 g - a wand of lightning (0)
 r - a wand of flame (11)
 s - a wand of digging (9)
 y - a wand of polymorph other (4)
 E - a wand of fireball (4)
 H - a wand of magic darts (14)
 U - a wand of teleportation (1)
 Y - a wand of cold (11)
Comestibles
 a - 11 bread rations
 c - an orange
 j - 4 chokos
 m - 17 meat rations
 w - 2 rambutans
 z - 12 strawberries
 A - 6 apples
 B - 7 pears
 F - a banana
 I - 13 grapes
Scrolls
 i - 3 scrolls of teleportation
 o - a scroll of blinking
 C - a scroll of fear
 J - a scroll of fog
 P - a scroll of identify
 R - a scroll of silence
 T - 3 scrolls of remove curse
Jewellery
 k - a +3 ring of protection
 p - a +4 ring of evasion (left hand)
 u - an amulet of the gourmand (around neck)
 v - a +4 ring of dexterity (right hand)
 Q - an uncursed amulet of clarity
Potions
 t - a potion of levitation
 x - 3 potions of curing
 W - 3 potions of agility
Miscellaneous
 N - a box of beasts
 V - a box of beasts
 X - a lantern of shadows


   Skills:
 + Level 17.1 Fighting
 - Level 2.0 Polearms
 - Level 5.6 Crossbows
 - Level 6.0 Throwing
 - Level 10.4 Armour
 - Level 10.0 Dodging
 * Level 12.9 Shields
 + Level 11.5 Traps & Doors
 + Level 17.4 Unarmed Combat
 - Level 2.5 Spellcasting
 - Level 15.0 Invocations


You had 24 spell levels left.
You didn't know any spells.

Dungeon Overview and Level Annotations

Branches:
Dungeon (19/27)            Temple (0/1) D:7             Orc (4/4) D:10
    Elf (5/5) Orc:4          Lair (8/8) D:8           Swamp (5/5) Lair:5
  Slime (0/6) Lair:7        Snake (5/5) Lair:4        Vault (0/8) D:14

Altars:
Cheibriados
Elyvilon
Kikubaaqudgha
Makhleb
Okawaru
Sif Muna
The Shining One
Xom
Yredelemnul
Beogh

Shops:
Orc:1: [ Orc:3: ( Orc:4: /[?*[ Elf:4: % Snake:2: [

Portals:
Hell: Lair:8
Trove: D:12 (give +5,+6 demon whip)

Annotations
D:5 Silenzio's ghost, average TrCK
Lair:7 exclusion: oklob plant
Swamp:5 Saint Roka


Innate Abilities, Weirdness & Mutations

You cannot wear boots.
You can spit poison.
You can use your snake-like lower body to constrict enemies.
Your serpentine skin is tough (AC +6).
You have supernaturally acute eyesight.
Armour fits poorly on your strangely shaped body.
Your system is resistant to poisons.
You cover ground very slowly.
Your magical capacity is low (-10% MP).
You are weak (Str -1).


Message History

You constrict the stone golem.
You destroy the stone golem!
Cheibriados appreciates the change of pace.
The deep elf death mage casts a spell at you.
The bolt of negative energy misses you.
Drink which item? (? for menu, Esc to quit)
You feel better.
Two crawling corpses merge to form a small abomination.
You see here an elven dagger.
You block the small abomination's attack.
The deep elf death mage points at you and mumbles some strange words.
The bolt of negative energy misses the small abomination.
The bolt of negative energy hits you!
You feel drained.
You are now level 20!
* * * LOW HITPOINT WARNING * * *
The deep elf death mage points at you and mumbles some strange words.
The bolt of negative energy hits the small abomination.
The small abomination completely resists.
The bolt of negative energy hits you!
You feel drained.
You die...

*,,,,,,,,,* *,,,,,,,,,*
*,,,,,,,,,* *,,,,,,,,,*
*,,,,,,,.########################
*,,,,,,,........()...).).........
********########.################
#.))..# #..@..# ##.x.## ###.###
###..)e.### ###..8......###
***#.............####
***#....).)............####
**,,....)).)..#............#*
***,,,...)....#####...........***


You could see a deep elf death mage and a small abomination.

Vanquished Creatures
  A Pit Fiend (Elf:5)
  A deep elf blademaster (Elf:5)
  Kirke (Snake:2)
  An Ice Fiend (Port)
  Agnes (D:14)
  A Shadow Fiend (Elf:5)
  The ghost of moohaus the Scorcher, a mighty OpFE of Vehumet (D:16)
  The ghost of Tolias the Master Archer, a mighty HESt of Okawaru (D:15)
  Louise (D:17)
  Gastronok (Orc:1)
  A tentacled monstrosity (Swamp:4)
  A dire elephant (shapeshifter) (Elf:2)
  Jozef (Lair:2)
  4 deep elf annihilators
  2 dire elephants (Lair:8)
  13 greater nagas (Snake:5)
  A deep elf death mage (Elf:5)
  A Green Death (Elf:5)
  2 deep elf master archers (Elf:5)
  6 deep elf sorcerers (Elf:5)
  10 anacondas
  A blizzard demon (Abyss)
  A minotaur (Lab)
  The ghost of cedordark the Cruncher, a powerful HEGl of Nemelex Xobeh (D:14)
  2 dragons
  The ghost of aTarkinC the Ruinous, a powerful OpWz of Sif Muna (Lair:5)
  A wizard (Lair:8)
  21 hydras
  Erica (Lair:2)
  Harold (Lair:2)
  Josephine (Orc:4)
  Nessos (Orc:1)
  3 deep elf demonologists (Elf:5)
  The ghost of psch the Grappler, an experienced TrCK of Xom (D:10)
  9 death yaks
  6 alligators
  5 deep elf high priests
  A shadow dragon skeleton (Abyss)
  A sun demon (Lair:8)
  Nergalle (D:15)
  2 orc high priests
  6 centaur warriors
  An unseen horror (D:13)
  A catoblepas (Lair:6)
  Erolcha (D:9)
  A soul eater (Elf:4)
  A fire giant skeleton (D:18)
  7 ice devils
  4 skeletal warriors (Abyss)
  24 deep elf knights
  21 naga warriors
  A giant orange brain (Abyss)
  A purple draconian zombie (Abyss)
  9 swamp dragons
  An ice statue (Port)
  8 hill giants
  A minotaur zombie (Abyss)
  8 large abominations
  A pale draconian skeleton (Abyss)
  A griffon (Lair:8)
  11 orc knights
  A black draconian skeleton (Abyss)
  Urug (Orc:1)
  2 giant amoebae (Lair:7)
  15 guardian serpents
  5 orc sorcerers
  2 sixfirhies (Elf:5)
  Maurice (D:11)
  A griffon zombie (D:17)
  2 wolf spiders
  9 feature mimics
  5 stone golems
  5 cyclopes
  A death drake skeleton (Orc:4)
  13 spiny frogs
  9 elephants
  An alligator zombie (Abyss)
  26 black mambas
  4 orange demons
  64 slime creatures
  A spiny worm zombie (D:18)
  13 naga magi
  3 hill giant zombies
  Psyche (D:9)
  17 hellwings
  A yaktaur (D:19)
  A rock troll (D:15)
  11 smoke demons
  25 ugly things
  An iron devil (Elf:1)
  Sonja (D:10)
  2 efreeti (Abyss)
  A green draconian simulacrum (Abyss)
  A spriggan (D:9)
  A spriggan (shapeshifter) (D:17)
  9 komodo dragons
  Prince Ribbit (D:9)
  A two-headed ogre (shapeshifter) (D:19)
  An agate snail zombie (D:17)
  11 blink frogs
  A rock troll zombie (D:17)
  An octopode (Abyss)
  A deep troll zombie (Abyss)
  7 trolls
  7 bog mummies
  4 baby alligators (Swamp:3)
  A rock troll skeleton (D:16)
  A brown ooze (Lair:7)
  A redback zombie (Orc:4)
  3 basilisks
  A demonic crawler (Abyss)
  2 ynoxinuls
  A blue devil (Port)
  2 hairy devils
  61 yaks
  7 sharks
  3 wyverns
  A chaos spawn (Swamp:5)
  12 deep elf conjurers
  8 deep elf summoners
  Grum (D:9)
  2 clay golems
  4 hippogriffs
  A komodo dragon zombie (Orc:4)
  A fire crab zombie (D:19)
  8 fire drakes
  3 neqoxecs (Abyss)
  A wraith (D:18)
  4 hungry ghosts
  25 war dogs
  26 deep elf fighters
  4 mottled dragons
  29 vampire mosquitoes
  A soldier ant (shapeshifter) (D:15)
  2 draconians (shapeshifter)
  4 manticores
  An item mimic (Orc:1)
  Menkaure (D:5)
  2 soldier ants
  A cyclops zombie (D:13)
  2 necrophages (Orc:4)
  8 small abominations
  11 deep elf priests
  2 freezing wraiths (Port)
  A wyvern skeleton (Orc:4)
  25 insubstantial wisps
  A yellow wasp (D:18)
  A troll zombie (D:12)
  3 sky beasts
  A cyclops skeleton (D:16)
  14 swamp drakes
  35 swamp worms
  A red devil (Lair:8)
  A tengu (Abyss)
  14 crocodiles
  20 ogres
  4 hell hounds (Abyss)
  A rock worm zombie (D:12)
  A yak zombie (D:11)
  49 ice beasts
  23 giant goldfish
  2 phantoms
  18 deep elf magi
  54 orc warriors
  A big kobold (D:13)
  3 rotting devils
  25 centaurs
  91 nagas
  A yak skeleton (D:16)
  61 water moccasins
  5 wargs
  4 human simulacra (Port)
  5 lava worms (D:19)
  9 giant slugs
  2 giant leeches
  2 yellow wasp zombies
  A brain worm (Abyss)
  6 agate snails
  3 centaur zombies (D:18)
  An elf zombie (Port)
  An earth elemental (Abyss)
  Blork the orc (D:4)
  A soldier ant zombie (D:18)
  25 giant frogs
  A water moccasin skeleton (D:9)
  2 boulder beetles
  2 eyes of draining
  31 killer bees
  4 polar bear simulacra (Port)
  A two-headed ogre skeleton (D:14)
  3 draconian simulacra (Port)
  4 elf simulacra (Port)
  4 lava fish (D:19)
  15 jellyfish
  A killer bee zombie (D:9)
  A centaur simulacrum (Port)
  4 wights (D:14)
  20 electric eels
  6 troll simulacra (Port)
  An ogre zombie (D:18)
  A brain worm zombie (D:13)
  17 crimson imps
  A big kobold zombie (D:18)
  A vampire bat (D:7)
  4 lava snakes (D:19)
  A goliath beetle (D:13)
  2 quasits
  16 iguanas
  A big kobold skeleton (D:13)
  3 shadows
  16 hounds
  43 orc priests
  2 hound skeletons
  5 iron imps
  28 big fish
  3 hound zombies
  7 worker ants
  5 orange rats
  3 porcupines
  27 deep elf soldiers
  46 orc wizards
  37 sheep
  2 scorpions
  7 jellies
  5 ogre simulacra (Port)
  A human skeleton (D:8)
  4 naga simulacra (Port)
  5 mummies
  5 boggarts (D:19)
  61 adders
  4 flying skulls (Abyss)
  A gnoll (shapeshifter) (Elf:1)
  3 giant centipedes
  A giant centipede zombie (D:10)
  6 gnolls
  62 green rats
  3 humans
  4 midges
  7 lemures
  4 shadow imps
  A giant mite (Lair:7)
  An iguana skeleton (D:8)
  17 white imps
  2 worms
  31 ufetubi
  3 grey rats
  2 spectral bats (D:7)
  A bat simulacrum (D:7)
  3 bat skeletons (D:7)
  A bat zombie (D:7)
  2 giant eyeballs
  9 giant geckos
  A gnoll zombie (Port)
  313 orcs
  7 ball pythons
  63 bats
  3 fire bats (D:7)
  6 giant cockroaches
  23 hobgoblins
  31 kobolds
  11 quokkas
  A giant gecko skeleton (D:7)
  5 giant newts
  26 goblins
  4 goblin zombies
  A hobgoblin skeleton (D:6)
  5 hobgoblin zombies (Port)
  A human zombie (Port)
  13 jackals
  A jackal skeleton (D:4)
  A kobold zombie (D:8)
  2 orc simulacra (Port)
  2 orc skeletons
  10 orc zombies
  A quokka skeleton (D:7)
  A quokka zombie (D:7)
  24 rats
  5 ballistomycetes (D:12)
  A bush (Lair:6)
  4 butterflies
  10 fungi
  9 plants
  71 toadstools
2561 creatures vanquished.

Vanquished Creatures (others)
  A death yak (D:11)
  A deep elf knight (Elf:2)
  5 humans
  A two-headed ogre (D:14)
  A small abomination (Abyss)
  2 orc warriors
  A naga (Snake:5)
  A human (shapeshifter) (D:18)
  A porcupine (Lair:7)
  A deep elf soldier (Elf:2)
  A sheep (Lair:5)
  6 adders
  An ufetubus (Elf:1)
  7 orcs
  A hobgoblin (Orc:1)
  3 jackals (Lair:1)
  A ball python (Snake:4)
  A giant spore (D:12)
  3 crawling corpses
  9 fungi
  2 plants
  363 toadstools
413 creatures vanquished.

Grand Total: 2974 creatures vanquished

Notes
Turn   | Place    | Note
--------------------------------------------------------------
     0 | D:1      | aosachuk, the Naga Fighter, began the quest for the Orb.
     0 | D:1      | Reached XP level 1. HP: 21/21 MP: 0/0
   136 | D:1      | Reached skill level 1 in Unarmed Combat
   346 | D:1      | Reached XP level 2. HP: 25/28 MP: 1/1
  1047 | D:2      | Reached XP level 3. HP: 36/36 MP: 2/2
  1146 | D:2      | Found a snail-covered altar of Cheibriados.
  1155 | D:2      | Became a worshipper of Cheibriados the Contemplative
  1256 | D:2      | Reached skill level 4 in Unarmed Combat
  1256 | D:2      | Reached XP level 4. HP: 19/43 MP: 3/3
  1306 | D:2      | Found a burning altar of Makhleb.
  1471 | D:2      | Acquired Cheibriados's first power
  2503 | D:3      | Reached XP level 5. HP: 49/49 MP: 4/4
  2554 | D:3      | Reached skill level 5 in Unarmed Combat
  2744 | D:4      | Found a white marble altar of Elyvilon.
  2942 | D:4      | Noticed Blork the orc
  2958 | D:4      | Killed Blork the orc
  3218 | D:4      | Reached XP level 6. HP: 53/57 MP: 5/5
  3320 | D:4      | Reached skill level 6 in Unarmed Combat
  3629 | D:5      | Entered Level 5 of the Dungeon
  3637 | D:5      | Acquired Cheibriados's second power
  3668 | D:5      | Found a glowing golden altar of the Shining One.
  3687 | D:5      | Noticed Menkaure
  3697 | D:5      | Killed Menkaure
  3697 | D:5      | Reached skill level 1 in Invocations
  3816 | D:5      | Noticed Silenzio's ghost (average TrCK)
  3827 | D:5      | Reached XP level 7. HP: 35/63 MP: 8/8
  4157 | D:6      | Found an iron altar of Okawaru.
  4308 | D:5      | Acquired Cheibriados's third power
  4810 | D:6      | Found a glowing drain.
  4885 | D:6      | Reached XP level 8. HP: 72/72 MP: 11/11
  5130 | D:7      | Found a staircase to the Ecumenical Temple.
  5223 | D:7      | Found a sand-covered staircase.
  5230 | D:7      | Got a flickering jade amulet
  5232 | D:7      | Identified the amulet "Giuvireunt" (You found it on level 7 of the Dungeon) 5240
                  | ossuary
                  | Entered a tomb 5248
                  | ossuary
                  | Acquired Cheibriados's fourth power 5276
                  | ossuary
                  | Reached skill level 7 in Unarmed Combat
  5520 | D:7      | Found a shimmering altar of Xom.
  5590 | D:7      | Reached skill level 5 in Shields
  5743 | D:7      | Noticed an ice bat
  5744 | D:7      | Killed an ice bat
  5881 | D:7      | Gained mutation: You are weak (Str -1).
  5889 | D:7      | Reached XP level 9. HP: 53/78 MP: 15/15
  5920 | D:7      | Gained mutation: Your body is slowly deteriorating.
  5957 | D:7      | Gained mutation: You heal slowly.
  5999 | D:7      | Reached skill level 5 in Invocations
  6621 | D:8      | Lost mutation: You are weak (Str -1).
  6736 | D:8      | Found a basalt altar of Yredelemnul.
  7080 | D:8      | Found a staircase to the Lair.
  7293 | D:8      | Reached skill level 8 in Unarmed Combat
  7650 | Lair:1   | Entered Level 1 of the Lair of Beasts
  7758 | Lair:1   | Got a flaming crossbow
  7761 | Lair:1   | Identified a scroll of acquirement
  7789 | Lair:1   | Identified the +6,+9 crossbow "Hellfire" (You found it on level 1 of the Lair of Beasts)
  8220 | Lair:1   | Reached XP level 10. HP: 85/85 MP: 18/18
  8236 | Lair:1   | Reached skill level 9 in Unarmed Combat
  8561 | Lair:2   | Noticed Erica
  8578 | Lair:2   | Killed Erica
  8974 | Lair:2   | Reached skill level 10 in Unarmed Combat
  9212 | Lair:2   | Noticed Jozef
  9223 | Lair:2   | Killed Jozef
  9234 | Lair:2   | Noticed Harold
  9245 | Lair:2   | Killed Harold
  9245 | Lair:2   | Reached skill level 11 in Unarmed Combat
  9245 | Lair:2   | Reached XP level 11. HP: 47/92 MP: 21/21
 10251 | Lair:3   | Reached skill level 12 in Unarmed Combat
 11051 | Lair:4   | Reached skill level 10 in Invocations
 11260 | Lair:4   | Reached skill level 13 in Unarmed Combat
 11513 | Lair:4   | Reached skill level 1 in Dodging
 11940 | Lair:4   | Found a staircase to the Snake Pit.
 12114 | Lair:4   | Reached XP level 12. HP: 86/99 MP: 24/24
 12656 | Lair:5   | Found a staircase to the Swamp.
 12765 | Lair:5   | Noticed aTarkinC's ghost (powerful OpWz)
 12784 | Lair:5   | Killed aTarkinC's ghost
 13000 | Lair:5   | Reached skill level 5 in Armour
 13478 | Lair:6   | Reached skill level 5 in Dodging
 13841 | Lair:6   | Lost mutation: Your body is slowly deteriorating.
 13841 | Lair:6   | Lost mutation: You heal slowly.
 14654 | Lair:7   | Reached XP level 13. HP: 100/105 MP: 25/25
 15484 | Lair:7   | Found a staircase to the Slime Pits.
 15772 | Lair:8   | Entered Level 8 of the Lair of Beasts
 15924 | Lair:8   | Reached skill level 10 in Armour
 15928 | Lair:8   | Got a bloodstained scale mail
 15943 | Lair:8   | Identified the +5 scale mail of the Sea (You found it on level 8 of the Lair of Beasts)
 16293 | Lair:8   | Reached skill level 10 in Dodging
 16309 | Lair:8   | Reached skill level 1 in Traps & Doors
 16798 | Lair:8   | Reached skill level 5 in Fighting
 17029 | Lair:8   | Reached XP level 14. HP: 85/118 MP: 27/27
 17480 | Lair:8   | Found a burning altar of Makhleb.
 17497 | Lair:8   | Found a gateway to Hell.
 18126 | D:9      | Noticed Psyche
 18128 | D:9      | Noticed Erolcha
 18129 | D:9      | Reached skill level 5 in Traps & Doors
 18129 | D:9      | Killed Psyche
 18131 | D:9      | Noticed Grum
 18133 | D:9      | Killed Erolcha
 18137 | D:9      | Found an ancient bone altar of Kikubaaqudgha.
 18139 | D:9      | Killed Grum
 18180 | D:9      | Noticed a guardian serpent
 18188 | D:9      | Killed a guardian serpent
 18637 | D:9      | Noticed Prince Ribbit
 18642 | D:9      | Killed Prince Ribbit
 18830 | D:10     | Entered Level 10 of the Dungeon
 18830 | D:10     | Found a staircase to the Orcish Mines.
 18897 | D:10     | Found a roughly hewn altar of Beogh.
 19107 | D:10     | Noticed psch's ghost (experienced TrCK)
 19128 | D:10     | Killed psch's ghost
 19128 | D:10     | Reached skill level 14 in Unarmed Combat
 19148 | D:10     | Noticed Sonja
 19164 | D:10     | Killed Sonja
 20057 | Orc:1    | Entered Level 1 of the Orcish Mines
 20092 | Orc:1    | Noticed Urug
 20105 | Orc:1    | Killed Urug
 20105 | Orc:1    | Reached skill level 1 in Throwing
 20185 | Orc:1    | Noticed Nessos
 20200 | Orc:1    | Killed Nessos
 20200 | Orc:1    | Reached skill level 1 in Crossbows
 20679 | Orc:3    | Reached skill level 10 in Fighting
 20860 | Orc:3    | Found Telowos' Weapon Boutique.
 20937 | Orc:4    | Entered Level 4 of the Orcish Mines
 21090 | Orc:4    | Noticed Josephine
 21102 | Orc:4    | Killed Josephine
 21146 | Orc:4    | Reached XP level 15. HP: 95/136 MP: 27/27
 21368 | Orc:4    | Noticed a cyclops
 21375 | Orc:4    | Killed a cyclops
 21378 | Orc:4    | Found a staircase to the Elven Halls.
 21379 | Orc:4    | Found Naleur's Magical Wand Boutique.
 21559 | Orc:4    | Found a roughly hewn altar of Beogh.
 21642 | Orc:4    | Found a roughly hewn altar of Beogh.
 21772 | Orc:4    | Found Shudir's Assorted Antiques.
 21772 | Orc:4    | Found Tuehuel's Antique Armour Shoppe.
 21783 | Orc:4    | Bought a runed shield for 112 gold pieces
 22007 | Orc:4    | Found Ceg Chig's Antique Armour Shop.
 22008 | Orc:4    | Found Uddun's Magic Scroll Shoppe.
 22067 | Orc:4    | Bought a scroll of immolation for 16 gold pieces
 22067 | Orc:4    | Bought a scroll of enchant armour for 88 gold pieces
 22067 | Orc:4    | Bought a scroll of enchant armour for 88 gold pieces
 22183 | Orc:4    | Noticed a cyclops
 22194 | Orc:4    | Killed a cyclops
 22252 | Orc:4    | Found a roughly hewn altar of Beogh.
 22281 | Orc:4    | Noticed an orc high priest
 22451 | Orc:4    | Killed an orc high priest
 23305 | Orc:4    | Bought 3 scrolls of recharging for 264 gold pieces
 23695 | Orc:1    | Found Rusaogu's Antique Armour Shop.
 23745 | Orc:1    | Noticed Gastronok
 23767 | Orc:1    | Killed Gastronok
 24302 | Orc:1    | Bought a shiny fire dragon armour for 1425 gold pieces
 24738 | D:11     | Reached skill level 5 in Crossbows
 25277 | D:11     | Noticed Maurice
 25283 | D:11     | Killed Maurice
 25386 | D:11     | Reached skill level 15 in Unarmed Combat
 25773 | D:12     | Found a portal to a secret trove of treasure.
 26262 | D:13     | Got a levitating book
 26263 | D:13     | Identified Aduh Shru's Handbook of Scorching Summoning (You found it on level 13 of the Dungeon)
 26293 | D:13     | Found a labyrinth entrance.
 26302 | Lab      | Entered a Labyrinth
 27000 | Lab      | Reached skill level 1 in Spellcasting
 27043 | Lab      | Got a smoking golden ring
 27144 | D:13     | Reached XP level 16. HP: 115/152 MP: 28/28
 27914 | Snake:1  | Entered Level 1 of the Snake Pit
 28319 | Snake:1  | Identified the ring of Birdsong {Str+1} (You found it in a Labyrinth)
 28451 | Snake:2  | Noticed Kirke
 28458 | Snake:2  | Killed Kirke
 28534 | Snake:2  | Found Apta's Armour Emporium.
 30856 | Snake:5  | Entered Level 5 of the Snake Pit
 30868 | Snake:5  | Reached XP level 17. HP: 85/163 MP: 24/30
 30877 | Snake:5  | Reached skill level 5 in Throwing
 31829 | Snake:5  | Got a steaming naga barding
 31841 | Snake:5  | Identified the +3 naga barding of Thijio (You acquired it on level 5 of the Snake Pit)
 34869 | Snake:5  | Reached skill level 15 in Fighting
 35130 | Snake:5  | Got a serpentine rune of Zot
 36001 | Swamp:1  | Entered Level 1 of the Swamp
 36565 | Swamp:1  | Reached XP level 18. HP: 162/175 MP: 32/32
 37494 | Swamp:3  | Reached skill level 16 in Unarmed Combat
 39338 | Swamp:5  | Entered Level 5 of the Swamp
 39462 | Swamp:5  | Reached skill level 10 in Shields
 39776 | Swamp:5  | Noticed Saint Roka
 39796 | Swamp:5  | HP: 3/176 [Saint Roka/divine providence (14)]
 39805 | Swamp:5  | HP: 7/176 [giant goldfish (8)]
 41298 | D:13     | Reached XP level 19. HP: 184/184 MP: 33/33
 41324 | D:14     | Entered Level 14 of the Dungeon
 41324 | D:14     | Found a staircase to the Vaults.
 41372 | D:14     | Noticed Agnes
 41379 | D:14     | Killed Agnes
 41384 | D:14     | Noticed cedordark's ghost (powerful HEGl)
 41404 | D:14     | Killed cedordark's ghost
 42056 | D:15     | Entered Level 15 of the Dungeon
 42160 | D:15     | Noticed Tolias' ghost (mighty HESt)
 42201 | D:15     | Killed Tolias' ghost
 42574 | D:15     | Noticed Nergalle
 42579 | D:15     | Killed Nergalle
 42764 | D:16     | Noticed moohaus' ghost (mighty OpFE)
 42788 | D:16     | Killed moohaus' ghost
 43687 | D:17     | Noticed Louise
 43689 | D:17     | You are cast into the Abyss!
 43689 | D:17     | Cast into the Abyss (Louise)
 43689 | Abyss    | Entered The Abyss
 43689 | Abyss    | Found a corrupted altar of Lugonu.
 44052 | Abyss    | Gained mutation: Your magical capacity is low (-10% MP).
 44175 | Abyss    | Reached skill level 15 in Invocations
 44271 | Abyss    | Noticed an earth elemental
 44276 | Abyss    | Killed an earth elemental
 44360 | Abyss    | Noticed a clay golem
 44368 | Abyss    | Killed a clay golem
 44619 | Abyss    | Found a corrupted altar of Lugonu.
 44756 | Abyss    | Noticed a tengu
 44763 | Abyss    | Killed a tengu
 44822 | Abyss    | Noticed a green draconian simulacrum
 44830 | Abyss    | Killed a green draconian simulacrum
 45112 | Abyss    | Found a corrupted altar of Lugonu.
 45115 | Abyss    | Found a corrupted altar of Lugonu.
 45153 | Abyss    | Noticed an octopode
 45161 | Abyss    | Killed an octopode
 45196 | Abyss    | Gained mutation: You are weak (Str -1).
 45210 | D:17     | You pass through the gate.
 45229 | D:17     | Killed Louise
 45530 | D:17     | Reached skill level 10 in Traps & Doors
 45927 | D:18     | Reached XP level 20. HP: 170/196 MP: 31/31
 46118 | D:18     | Got a warped leather armour
 46119 | D:18     | Identified the +3 leather armour of Card Tricks (You found it on level 18 of the Dungeon)
 48917 | Elf:1    | Entered Level 1 of the Elven Halls
 48945 | Elf:1    | Found a frozen archway.
 48972 | IceCv    | Entered an ice cave
 51191 | Elf:1    | Reached skill level 17 in Unarmed Combat
 51415 | Elf:1    | Found a deep blue altar of Sif Muna.
 53513 | Elf:3    | Noticed an orc high priest
 53520 | Elf:3    | Killed an orc high priest
 54494 | Elf:4    | Found Waepau's Food Shop.
 55002 | Elf:5    | Entered Level 5 of the Elven Halls
 55178 | Elf:5    | Noticed a deep elf master archer
 55182 | Elf:5    | Killed a deep elf master archer
 55623 | Elf:5    | Noticed a deep elf blademaster
 55625 | Elf:5    | Killed a deep elf blademaster
 55625 | Elf:5    | Reached XP level 21. HP: 105/206 MP: 22/32
 55633 | Elf:5    | Noticed a deep elf master archer
 55639 | Elf:5    | Killed a deep elf master archer
 55642 | Elf:5    | Reached XP level 20. HP: 47/198 MP: 0/31
 55642 | Elf:5    | Killed from afar by a deep elf death mage
